 Dungeon Crawl Stone Soup version 0.14-a0-1378-gf8e6a88 (webtiles) character file.

2477 Chiseanne the Nimble (level 9, -2/73 HPs)
             Began as a Mottled Draconian Artificer on Dec 8, 2013.
             Was a Priest of Nemelex Xobeh.
             Killed from afar by an orc warrior (10 damage)
             ... with a wand of cold
             ... on Level 7 of the Dungeon.
             The game lasted 00:38:49 (9329 turns).

Chiseanne the Nimble (Mottled Draconian Artificer)  Turns: 9329, Time: 00:38:49

HP  -2/73        AC 11     Str 18      XL: 9   Next: 16%
MP  18/18        EV 16     Int 12      God: Nemelex Xobeh [***...]
Gold 211         SH  0     Dex 13      Spells:  0 memorised,  8 levels left

rFire  . . .     SeeInvis .     d - +2,+5 quarterstaff (chaos)
rCold  . . .     Clarity  .     (armour unavailable)
rNeg   . . .     Conserve .     (no shield)
rPois  .         rCorr    .     (helmet restricted)
rElec  .         rRot     .     g - +0 cloak
SustAb + .       Spirit   .     l - +1 pair of gloves
rMut   .         Warding  .     h - +0 pair of boots
Saprov . . .     Stasis   .     (no amulet)
                                s - ring of sustenance
                                z - ring of sustain abilities

@: sage [Poison Magic], slightly resistant to hostile enchantments, unstealthy
A: breathe sticky flames, unfitting armour, strong 1, AC +7
a: Breathe Sticky Flame, Draw One, Peek at Two, Triple Draw, Renounce Religion


You were on level 7 of the Dungeon.
You worshipped Nemelex Xobeh.
Nemelex Xobeh was most pleased with you.
You were not hungry.

You visited 2 branches of the dungeon, and saw 8 of its levels.
You also visited: Sewer.

You collected 211 gold pieces.

Inventory:

Hand weapons
 d - a +2,+5 quarterstaff of chaos (weapon)
Missiles
 a - a tomahawk (quivered)
 o - 4 poisoned darts
Armour
 g - a +0 cloak (worn)
 h - a +0 pair of boots (worn)
 l - a +1 pair of gloves (worn)
Magical devices
 c - a wand of enslavement (1)
Comestibles
 f - a bread ration
Scrolls
 e - a scroll of identify
 k - a scroll of enchant weapon II
 r - a scroll of remove curse
 v - 2 scrolls of magic mapping
 y - 3 scrolls of teleportation
 A - 2 scrolls of recharging
Jewellery
 s - a ring of sustenance (right hand)
 z - a ring of sustain abilities (left hand)
Potions
 n - 2 potions of curing
Books
 C - a book of Power

   Spells                             Type                      Level
   Iskenderun's Mystic Blast          Conjuration                  4
   Venom Bolt                         Conjuration/Poison           5
   Bolt of Magma                      Conjuration/Fire/Earth       5
   Fulminant Prism                    Conjuration/Hexes            5
   Iron Shot                          Conjuration/Earth            6
   Orb of Destruction                 Conjuration                  7
Miscellaneous
 i - a plain deck of wonders {drawn: 3} {god gift}
 j - a legendary deck of destruction {drawn: 1} {god gift}


   Skills:
 * Level 4.8 Fighting
   Level 3.9 Short Blades
   Level 0.4 Polearms
 * Level 2.8 Staves
 * Level 8.1 Dodging
 - Level 0.8 Stealth
   Level 0.8 Poison Magic
 * Level 6.3 Evocations


You had 8 spell levels left.
You didn't know any spells.

Dungeon Overview and Level Annotations

Branches:
Dungeon (7/16)             Temple (1/1) D:7

Altars:
Ashenzari
Cheibriados
Fedhas
Kikubaaqudgha
Makhleb
Nemelex Xobeh
Sif Muna
Trog
Vehumet
Xom
Yredelemnul
Zin
the Shining One


Innate Abilities, Weirdness & Mutations

You can spit globs of burning liquid.
You can ignite nearby creatures when you spit burning liquid.
Your weird mottled scales are hard (AC +7).
Your body does not fit into most forms of armour.
Your cold-blooded metabolism reacts poorly to cold.
Your muscles are strong. (Str +2)


Message History

The orc warrior is heavily wounded.
The orc warrior unwields an uncursed bow.
The orc warrior wields an uncursed orcish long sword.
The orc warrior closely misses you.
You hit the orc warrior.
You feel better.
The orc warrior is heavily wounded.
The orc warrior hits you with an uncursed orcish long sword!
* * * LOW HITPOINT WARNING * * *
You completely miss the orc warrior.
The orc warrior is heavily wounded.
The orc warrior closely misses you.
You barely miss the orc warrior. You tail-slap the orc warrior.
The orc warrior is severely wounded.
The orc warrior zaps a wand.
The bolt of cold hits you!
* * * LOW HITPOINT WARNING * * *
Drink which item? (? for menu, Esc to quit)
You feel better.
The orc warrior zaps a wand.
The bolt of cold hits you!
One of your 3 potions of curing freezes and shatters!
You die...
Your body glows with a rainbow of weird colours and disappears.

........ ..#.###%#### #
#..#####.#.# #(...# #
####.....##.#.###....# .#
................#....###.#
##.......##.....#...##...#
##....#####.....#...##...#
####..# #.#.#.#........#
#.....#####.#.#)#.#.#######
#..............o@...........
#...#######.....#.#.#######
##### #.....#.#.#
#.....#<#.# ###>#.#.#.#.#
#...#...#.#.# #.......#.#..
#.......#.... #########...


You could see an orc warrior.

Vanquished Creatures
  The ghost of Piginabag the Poker, an experienced MfHe of the Shining One (D:7)
  Grinder (D:5)
  Eustachio (D:6)
  An orc warrior (D:6)
  An ice beast (D:6)
  4 centaurs
  2 ogres
  A goliath beetle (D:6)
  Blork the orc (D:4)
  A killer bee (shapeshifter) (D:6)
  3 jellies
  A crimson imp (D:6)
  4 orc priests
  A big fish (Sewer)
  2 hounds
  Crazy Yiuf (D:5)
  An iguana (D:5)
  5 worker ants
  Ijyb (D:2)
  8 adders
  2 gnolls (D:6)
  3 giant mites
  4 giant centipedes (D:5)
  An inept item mimic (Sewer)
  2 worms
  An adder zombie (D:6)
  3 giant eyeballs
  An ooze (D:1)
  15 orcs
  18 bats
  5 giant cockroaches
  5 hobgoblins
  2 quokkas (D:2)
  7 ball pythons
  3 giant geckos
  13 giant newts
  12 goblins
  A goblin skeleton (D:4)
  A hobgoblin zombie (D:6)
  6 jackals
  A jackal skeleton (D:4)
  8 kobolds
  16 rats
171 creatures vanquished.

Vanquished Creatures (collateral kills)
  A giant frog (D:6)
  A jelly (D:6)
  An orc priest (D:6)
  A worker ant (D:6)
  A gnoll (D:6)
  A worm (D:6)
  An ooze (D:4)
  2 orcs
  A bat (D:6)
  A hobgoblin (D:6)
  A quokka (D:4)
12 creatures vanquished.

Grand Total: 183 creatures vanquished

Notes
Turn   | Place    | Note
--------------------------------------------------------------
     0 | D:1      | Chiseanne, the Draconian Artificer, began the quest for the Orb.
     0 | D:1      | Reached XP level 1. HP: 16/16 MP: 1/1
   329 | D:1      | Reached XP level 2. HP: 23/23 MP: 3/3
   655 | D:1      | Found a shimmering altar of Xom.
  1001 | D:2      | Noticed Sigmund
  1002 | D:2      | Noticed Ijyb
  1015 | D:2      | Noticed Sigmund
  1017 | D:2      | Killed Sigmund the giant mite
  1048 | D:2      | Killed Ijyb
  1048 | D:2      | Reached skill level 4 in Evocations
  1048 | D:2      | Reached XP level 3. HP: 14/28 MP: 5/5
  2081 | D:3      | Reached XP level 4. HP: 32/35 MP: 6/6
  3097 | D:4      | Paralysed by a giant eyeball for 3 turns
  3101 | D:4      | Reached XP level 5. HP: 41/41 MP: 8/8
  3411 | D:4      | Noticed Blork the orc
  3416 | D:4      | Killed Blork the orc
  3416 | D:4      | Reached XP level 6. HP: 19/48 MP: 10/10
  3977 | D:5      | Entered Level 5 of the Dungeon
  4370 | D:5      | Noticed Grinder
  4378 | D:5      | Killed Grinder
  4378 | D:5      | Reached skill level 5 in Dodging
  4378 | D:5      | Your scales start taking on a weird mottled pattern.
  4378 | D:5      | Reached XP level 7. HP: 43/57 MP: 12/12
  4517 | D:5      | Reached skill level 5 in Evocations
  4536 | D:5      | Found a glowing drain.
  4704 | Sewer    | Entered a sewer
  5616 | D:5      | Noticed Crazy Yiuf
  5632 | D:5      | Killed Crazy Yiuf
  5632 | D:5      | Reached XP level 8. HP: 66/66 MP: 15/15
  5729 | D:6      | Paralysed by a giant eyeball for 3 turns
  5767 | D:6      | Paralysed by a giant eyeball for 2 turns
  5849 | D:6      | Reached skill level 6 in Dodging
  6094 | D:6      | Reached skill level 1 in Staves
  6494 | D:6      | Reached skill level 7 in Dodging
  6678 | D:6      | Noticed Eustachio
  6686 | D:6      | Killed Eustachio
  6688 | D:6      | Got a polished leather armour
  6886 | D:7      | Found a staircase to the Ecumenical Temple.
  6886 | D:7      | Noticed Piginabag's ghost (experienced MfHe)
  6895 | D:7      | Killed Piginabag's ghost
  6895 | D:7      | Reached skill level 8 in Dodging
  6895 | D:7      | Reached XP level 9. HP: 73/73 MP: 18/18
  6904 | Temple   | Entered the Ecumenical Temple
  7067 | Temple   | Became a worshipper of Nemelex Xobeh
  7085 | Temple   | Received a gift from Nemelex Xobeh
  7088 | Temple   | Gained mutation: You are frail (-10% HP). [helix card]
  7089 | Temple   | Lost mutation: You are frail (-10% HP). [helix card]
  7089 | Temple   | Gained mutation: Your muscles are strong. (Str +2) [helix card]
  7094 | Temple   | Acquired Nemelex Xobeh's first power
  7213 | D:6      | Acquired Nemelex Xobeh's second power
  7685 | D:4      | Found a blossoming altar of Fedhas.
  7685 | D:4      | Found a snail-covered altar of Cheibriados.
  7689 | D:4      | Found an ancient bone altar of Kikubaaqudgha.
  8102 | D:3      | Acquired Nemelex Xobeh's third power
  8102 | D:3      | Received a gift from Nemelex Xobeh
  9328 | D:7      | HP: 3/73 [orc warrior/wand of cold (17)]
  9329 | D:7      | Killed from afar by an orc warrior

Action                   |  1- 3 |  4- 6 |  7- 9 || total
-------------------------+-------+-------+-------++-------
Melee: Short sword       |   125 |   178 |   135 ||   438
       Trident           |    48 |    20 |       ||    68
       Quarterstaff      |       |       |   136 ||   136
Invok: Peek at Two       |       |       |     1 ||     1
 Abil: Breathe Sticky Fl |       |       |     2 ||     2
Evoke: Wand              |     9 |    17 |    18 ||    44
       Deck              |       |       |     3 ||     3
  Use: Scroll            |     4 |     2 |    20 ||    26
       Potion            |       |       |    14 ||    14
 Stab: Sleeping          |       |       |     1 ||     1
